 Dungeon Crawl Stone Soup version 0.21.0-24-g2553a33 (webtiles) character file.

39 tidbits the Sneak (level 3, 0/25 HPs)
             Began as a Gnoll Enchanter on Jan 21, 2018.
             Slain by an adder (4 damage)
             ... on level 2 of the Dungeon.
             The game lasted 00:05:19 (550 turns).

tidbits the Sneak (Gnoll Enchanter)                  Turns: 550, Time: 00:05:20

Health: 0/25       AC:  2    Str:  9 (10) XL:     3   Next: 47%
Magic:  0/9        EV: 14    Int: 21 (23) God:
Gold:   68         SH:  0    Dex: 12 (15) Spells: 9/12 levels left

rFire    . . .     SeeInvis .   a - +1 dagger
rCold    . . .     Gourm    .   (no shield)
rNeg     . . .     Faith    +   b - +0 robe
rPois    .         Spirit   .   (no helmet)
rElec    .         Reflect  .   (no cloak)
rCorr    .         Harm     .   (no gloves)
MR       .....                  (no boots)
Stlth    +++.......             g - amulet of faith
HPRegen  0.08/turn              (no ring)
MPRegen  0.11/turn              (no ring)

@: brilliant, lethally poisoned (0 -> -2)
A: distributed training, fangs 1, strong nose
a: no special abilities


You were on level 2 of the Dungeon.
You were very full.

You visited 1 branch of the dungeon, and saw 2 of its levels.

You collected 68 gold pieces.

Inventory:

Hand Weapons
 a - a +1 dagger (weapon)
Armour
 b - a +0 robe (worn)
 f - a +0 ring mail
Jewellery
 e - an uncursed ring of ice
   (You found it on level 1 of the Dungeon)
 g - an amulet of faith (around neck)
   (You found it on level 1 of the Dungeon)
Scrolls
 h - a scroll of immolation {unknown}
 j - a scroll of fear {unknown}
Books
 c - a book of Maledictions

   Spells                             Type                      Level
   a - Corona                         Hexes                        1
   b - Ensorcelled Hibernation        Hexes/Ice                    2
   c - Confuse                        Hexes                        3
   d - Tukima's Dance                 Hexes                        3
   e - Dazzling Spray                 Conjuration/Hexes            3
Comestibles
 d - 4 rations


   Skills:
 + Level 0.8 Fighting
 + Level 2.6 Short Blades
 + Level 0.8 Long Blades
 + Level 0.8 Axes
 + Level 0.8 Maces & Flails
 + Level 0.8 Polearms
 + Level 0.8 Staves
 + Level 0.8 Slings
 + Level 0.8 Bows
 + Level 0.8 Crossbows
 + Level 0.8 Throwing
 + Level 0.8 Armour
 + Level 4.5 Dodging
 + Level 6.0 Stealth
 + Level 0.8 Shields
 + Level 0.8 Unarmed Combat
 + Level 5.0 Spellcasting
 + Level 0.5 Conjurations
 + Level 5.4 Hexes
 + Level 0.5 Charms
 + Level 0.5 Summonings
 + Level 0.5 Necromancy
 + Level 0.5 Translocations
 + Level 0.5 Transmutations
 + Level 0.5 Fire Magic
 + Level 0.5 Ice Magic
 + Level 0.5 Air Magic
 + Level 0.5 Earth Magic
 + Level 0.5 Poison Magic
 + Level 1.0 Invocations
 + Level 0.8 Evocations


You had 9 spell levels left.
You knew the following spells:

 Your Spells              Type           Power        Failure   Level  Hunger
a - Corona                Hex            #####..      1%          1    None
e - Ensorcelled Hibernat  Hex/Ice        ####..       1%          2    None


Dungeon Overview and Level Annotations

Branches:
Dungeon (2/15)

Altars:


Innate Abilities, Weirdness & Mutations

Your experience applies equally to all skills.
You have very sharp teeth.
Your uncanny sense of smell can sniff out nearby items.


Message History

You impale the hobgoblin!!
You kill the hobgoblin!
A hobgoblin comes into view.
You see here a ration.
You eat the ration.
That ration really hit the spot!
The hobgoblin misses you.
Casting: Ensorcelled Hibernation
Confirm with . or Enter, or press ? or * to list all spells.
Aiming: Ensorcelled Hibernation
Press: ? - help, Shift-Dir - straight line, f - hobgoblin
Aim: a hobgoblin (chance to defeat MR: 63%)
The hobgoblin looks drowsy...
The helpless hobgoblin fails to defend itself.
You impale the hobgoblin!!
You kill the hobgoblin!
Your Stealth skill increases to level 6!
A dart slug comes into view.
You catch the helpless dart slug completely off-guard!
You puncture the dart slug!
You kill the dart slug!
A kobold comes into view. It is wielding a dagger.
The kobold shouts!
The kobold hits you but does no damage.
You barely miss the kobold.
Casting: Ensorcelled Hibernation
Confirm with . or Enter, or press ? or * to list all spells.
Aiming: Ensorcelled Hibernation
Press: ? - help, Shift-Dir - straight line, f - kobold
Aim: a kobold, wielding a dagger (chance to defeat MR: 63%)
The kobold looks drowsy...
The helpless kobold fails to defend itself.
You impale the kobold!!
You kill the kobold!
Things that are here:
a dagger; 9 gold pieces You now have 68 gold pieces (gained 9).
You see here a dagger.
There is a stone staircase leading down here.
Found a scroll labeled HEALIE HOECW.
A hobgoblin comes into view. It is wielding a club.
You see here a scroll labeled HEALIE HOECW.
A bat comes into view.
The helpless hobgoblin fails to defend itself.
You impale the hobgoblin!!
You kill the hobgoblin!
You see here a scroll labeled HEALIE HOECW.
h - a scroll labeled HEALIE HOECW
There is a stone staircase leading down here.
You climb downwards.
An adder and a rat come into view.
There is a stone staircase leading up here.
Found a stone staircase leading down.
You hit the rat.
You kill the rat!
Your Invocations skill increases to level 1!
Casting: Ensorcelled Hibernation
Confirm with . or Enter, or press ? or * to list all spells.
Aiming: Ensorcelled Hibernation
Press: ? - help, Shift-Dir - straight line, f - adder
Aim: an adder (chance to defeat MR: 54%)
The adder resists with significant effort.
Casting: Ensorcelled Hibernation
Confirm with . or Enter, or press ? or * to list all spells.
Aiming: Ensorcelled Hibernation
Press: ? - help, Shift-Dir - straight line, f/p - adder
Aim: an adder (chance to defeat MR: 54%)
The adder resists with significant effort.
The adder bites you.
You are poisoned.
The adder poisons you! The adder barely misses you.
Casting: Ensorcelled Hibernation
Confirm with . or Enter, or press ? or * to list all spells.
You don't have enough magic to cast that spell.
Casting: Ensorcelled Hibernation
Confirm with . or Enter, or press ? or * to list all spells.
Aiming: Corona
Press: ? - help, Shift-Dir - straight line, f/p - adder
Aim: an adder (chance to defeat MR: 72%)
The adder is outlined in light.
You feel sick. The adder misses you.
You barely miss the adder. The adder misses you.
You hit the adder.
The adder is moderately wounded.
The adder bites you.
* * * LOW HITPOINT WARNING * * *
You hit the adder but do no damage.
The adder is moderately wounded.
You feel sick. The adder bites you but does no damage. The adder bites you.
* * * LOW HITPOINT WARNING * * *
You barely miss the adder.
The adder is moderately wounded.
The adder bites you.
* * * LOW HITPOINT WARNING * * *
It was a potion of brilliance.
You feel clever all of a sudden. The adder barely misses you.
It was a potion of degeneration.
There was something very wrong with that liquid.
You feel weakened.
You feel dopey.
You feel clumsy.
The adder stops glowing.
The adder bites you.
You die...

# ... #.. #.# #.##.#
#....# ####..#<#
......#.# # ###
#.......##.####. #..
#.#............. #.###
#...#@##.#########.#.#
#.#.#S# .............
∆#.#...# #########.###
# ##..# #<...........
#.># #####......##
#### #........#
#.#.####.# #.#.. .# #
### ##


You could see an adder.

Vanquished Creatures
  A gnoll (D:1)
  A dart slug (D:1)
  A leopard gecko (D:1)
  3 bats (D:1)
  A giant cockroach (D:1)
  3 goblins (D:1)
  5 hobgoblins (D:1)
  5 kobolds (D:1)
  5 rats
25 creatures vanquished.

Notes
Turn   | Place    | Note
-------+----------+-------------------------------------------
     0 | D:1      | tidbits the Gnoll Enchanter began the quest for the Orb.
     0 | D:1      | Reached XP level 1. HP: 13/13 MP: 6/6
   101 | D:1      | You fall through a shaft!
   165 | D:1      | Reached XP level 2. HP: 3/20 MP: 7/7
   169 | D:1      | Learned a level 2 spell: Ensorcelled Hibernation
   390 | D:1      | Reached XP level 3. HP: 10/25 MP: 0/9
   427 | D:1      | Reached skill level 5 in Spellcasting
   493 | D:1      | Reached skill level 6 in Stealth
   539 | D:2      | Reached skill level 1 in Invocations
   550 | D:2      | Slain by an adder

Skill      XL: |  1  2  3 |
---------------+----------+-----
Spellcasting   | 5 |  5.0
Stealth        | 6 |  6.0
Invocations    | 1 |  1.0
Fighting       | |  0.8
Short Blades   | |  2.6
Long Blades    | |  0.8
Axes           | |  0.8
Maces & Flails | |  0.8
Polearms       | |  0.8
Staves         | |  0.8
Slings         | |  0.8
Bows           | |  0.8
Crossbows      | |  0.8
Throwing       | |  0.8
Armour         | |  0.8
Dodging        | |  4.5
Shields        | |  0.8
Unarmed Combat | |  0.8
Conjurations   | |  0.5
Hexes          | |  5.4
Charms         | |  0.5
Summonings     | |  0.5
Necromancy     | |  0.5
Translocations | |  0.5
Transmutations | |  0.5
Fire Magic     | |  0.5
Ice Magic      | |  0.5
Air Magic      | |  0.5
Earth Magic    | |  0.5
Poison Magic   | |  0.5
Evocations     | |  0.8

Action                   || total
-------------------------++-------
Melee: Dagger            ||    61
       Bite              ||     2
 Cast: Corona            ||    13
       Ensorcelled Hiber ||    12
  Use: Potion            ||     5
       Scroll            ||     2
 Stab: Sleeping          ||     8
       Distracted        ||     1
  Eat: Ration            ||     2
Armor: Robe              ||     7
Dodge: Dodged            ||    60

Table legend:
 A = Turns spent in this place as a percentage of turns spent in the entire game.
 B = Non-inter-level travel turns spent in this place as a percentage of non-inter-level travel turns spent in the entire game.
 C = Inter-level travel turns spent in this place as a percentage of turns spent in this place.
 D = Turns resting spent in this place as a percentage of non-inter-level travel turns spent in this place.
 E = Turns spent auto-exploring this place as a percentage of non-inter-level travel turns spent in this place.
 F = Non-inter-level travel turns spent in this place divided by the number of levels of this place that you've seen.
                   A       B       C       D       E      F
               +-------+-------+-------+-------+-------+----------------------
         Total | 100.0 | 100.0 |   4.9 |   0.0 |   0.0 | 261.5
       Dungeon | 100.0 | 100.0 |   4.9 |   0.0 |   0.0 | 261.5
               +-------+-------+-------+-------+-------+----------------------

Table legend:
 A = Kills in this place as a percentage of kills in entire the game.
 B = Kills by you in this place as a percentage of kills by you in the entire game.
 C = Kills by friends in this place as a percentage of kills by friends in the entire game.
 D = Other kills in this place as a percentage of other kills in the entire game.
 E = Experience gained in this place as a percentage of experience gained in the entire game.
 F = Experience gained in this place divided by the number of levels of this place that you have seen.
                   A       B       C       D       E      F
               +-------+-------+-------+-------+-------+----------------------
         Total | 100.0 | 100.0 |   N/A |   N/A | 100.0 |  28.5
       Dungeon | 100.0 | 100.0 |   N/A |   N/A | 100.0 |  28.5
               +-------+-------+-------+-------+-------+----------------------

Vault maps used:
D:1:      onia_arrival_pyramid
D:2:      minitemple
